 Dungeon Crawl Stone Soup version 0.28.0-53-g5a82cb258f (webtiles) character file.

Game seed: 12797580100691649868

61 Woods the Insei (level 4, -1/34 HPs)
             Began as a Gnoll Transmuter on June 12, 2022.
             Slain by Jessica
             ... wielding a +0 dagger
              (3 damage)
             ... on level 3 of the Dungeon.
             The game lasted 00:04:20 (2780 turns).

Woods the Insei (Gnoll Transmuter)                  Turns: 2780, Time: 00:04:21

Health: -1/34      AC:  3    Str: 10    XL:     4   Next: 7%
Magic:  10/11      EV: 13    Int: 14    God:
Gold:   28         SH:  0    Dex: 12    Spells: 7/13 levels left

rFire   . . .      SeeInvis +     - Unarmed
rCold   . . .      Faith    .   (no shield)
rNeg    . . .      Spirit   .   a - +0 robe
rPois   .          Reflect  .   (no helmet)
rElec   .          Harm     .   (no cloak)
rCorr   .          Rampage  .   (no gloves)
Will    .....                   j - +0 pair of boots
Stlth   ++........              (no amulet)
HPRegen 0.11/turn               c - ring of see invisible
MPRegen 0.12/turn               (no ring)

@: no status effects
A: fangs 1, strong nose, distributed training
a: no special abilities


You were on level 3 of the Dungeon.
You visited 1 branch of the dungeon, and saw 3 of its levels.

You collected 124 gold pieces.
You spent 96 gold pieces at shops.

Inventory:

Armour
 a - a +0 robe (worn)
 j - a +0 pair of boots (worn)
Jewellery
 c - a ring of see invisible (left hand)
Scrolls
 g - 5 scrolls of identify
 i - 3 scrolls of teleportation
 k - 2 scrolls of noise {unknown}
 l - 3 scrolls of holy word {unknown}
 m - a scroll of magic mapping {unknown}
Potions
 b - a potion of attraction {unknown}
 d - 2 potions of heal wounds {unknown}
 e - a potion of berserk rage {unknown}
 f - a potion of mutation {unknown}
 h - a potion of curing {unknown}


   Skills:
 + Level 2.7 Fighting
 + Level 1.0 Short Blades
 + Level 1.0 Long Blades
 + Level 1.0 Axes
 + Level 1.0 Maces & Flails
 + Level 1.0 Polearms
 + Level 1.0 Staves
 + Level 1.0 Slings
 + Level 1.0 Bows
 + Level 1.0 Crossbows
 + Level 1.0 Throwing
 + Level 1.0 Armour
 + Level 4.6 Dodging
 + Level 1.0 Stealth
 + Level 1.0 Shields
 + Level 6.5 Unarmed Combat
 + Level 5.0 Spellcasting
 + Level 0.7 Conjurations
 + Level 0.7 Hexes
 + Level 0.7 Summonings
 + Level 0.7 Necromancy
 + Level 0.7 Translocations
 + Level 3.8 Transmutations
 + Level 0.7 Fire Magic
 + Level 0.7 Ice Magic
 + Level 0.7 Air Magic
 + Level 0.7 Earth Magic
 + Level 0.7 Poison Magic
 + Level 1.1 Invocations
 + Level 1.0 Evocations


You had 7 spell levels left.
You knew the following spells:

 Your Spells              Type           Power      Damage    Failure   Level
a - Beastly Appendage     Tmut           28%        N/A       3%          1
b - Wereblood             Tmut           14%        N/A       5%          2
c - Spider Form           Tmut/Pois      9%         N/A       21%         3

Your spell library contained the following spells:

 Spells                   Type           Power      Damage    Failure   Level
 Foxfire                  Conj/Fire      20%        2x1d5     13%         1
 Conjure Flame            Conj/Fire      5%         6-21      36%         3
 Inner Flame              Hex/Fire       5%         N/A       36%         3
 Ice Form                 Ice/Tmut       9%         N/A       56%         4
 Flame Wave               Conj/Fire      5%         2d5       77%         4


Dungeon Overview and Level Annotations

Branches:
Dungeon (3/15)

Altars:

Shops:
D:3 ?**:

Annotations:
D:3 Jessica


Innate Abilities, Weirdness & Mutations

You have very sharp teeth.
Your uncanny sense of smell can sniff out nearby items.
Your experience applies equally to all skills.


Message History

You start memorising the spell.
You continue memorising. x3
You finish memorising.
Spell assigned to 'c'.
Casting: Beastly Appendage (safe; 3% risk of failure)
Confirm with . or Enter, or press ? or * to list all spells.
The spell is quite dangerous to miscast (21% risk of failure)!
Continue anyway?
You turn into a venomous arachnid creature.
Your +0 pair of boots melds into your body.
Your +0 robe melds into your body.
No target in view!
Found a scroll labelled EVVOM ZERA.
A ball python comes into view.
Jessica shouts!
Found 4 gold pieces.
The ball python completely misses you. The ball python misses you.
Jessica points at you and mumbles some strange words.
Pain shoots through your body! The ball python misses you. x2
You bite the ball python!
You kill the ball python!
Jessica casts a spell at you. Pain shoots through your body!
Your transformation is almost over.
Jessica zaps a wand.
The puff of flame hits you!
You hit Jessica but do no damage.
Jessica is poisoned.
Jessica mumbles some strange words.
Jessica blinks!
Jessica zaps a wand.
The puff of flame hits you! Jessica gestures at you while chanting.
Pain shoots through your body!
* * * LOW HITPOINT WARNING * * *
You hit Jessica but do no damage.
Jessica looks even sicker.
Jessica is heavily wounded.
Your transformation has ended.
Your +0 pair of boots unmelds from your body.
Your +0 robe unmelds from your body.
Jessica hits you with a +0 dagger.
* * * LOW HITPOINT WARNING * * *
Unknown command.
You barely miss Jessica.
Jessica is heavily wounded.
Jessica hits you with a +0 dagger.
You die...

#........ ......
##.....###...#.#.... #
........ .......... ...#
#...... .... ..^ .....
#..... #.......... .....
#..... #...#..##.#......
#..#.####...#..##.#.....#
............#..##@.......
...#............@..?.....
.........................
##......................#
#†#...##.#+##.##†.#.....
##.#...........##..#.....
...#..####.....##........
##.#............#..$....#
##.#...####.....##.#..#
...................#..#


You could see Jessica (very poisoned).

Vanquished Creatures
  A dart slug (D:2)
  4 endoplasms
  A giant cockroach (D:1)
  4 goblins
  7 hobgoblins
  4 jackals (D:1)
  8 kobolds
  2 quokkas
  10 ball pythons
  5 bats
  3 frilled lizards
  2 rats
51 creatures vanquished.

Vanquished Creatures (others)
  7 plants (D:1)
7 creatures vanquished.

Grand Total: 58 creatures vanquished

Notes
Turn   | Place    | Note
-------+----------+-------------------------------------------
     0 | D:1      | Woods the Gnoll Transmuter began the quest for the Orb.
     0 | D:1      | Reached XP level 1. HP: 17/17 MP: 6/6
   147 | D:1      | Reached XP level 2. HP: 15/23 MP: 5/7
   574 | D:1      | Found a faded altar of an unknown god.
   652 | D:1      | Reached XP level 3. HP: 28/28 MP: 7/9
   754 | D:1      | Reached skill level 5 in Spellcasting
  1398 | D:2      | Reached skill level 1 in Invocations
  2063 | D:2      | Reached skill level 1 in Short Blades
  2063 | D:2      | Reached skill level 1 in Long Blades
  2063 | D:2      | Reached skill level 1 in Axes
  2063 | D:2      | Reached skill level 1 in Maces & Flails
  2063 | D:2      | Reached skill level 1 in Polearms
  2063 | D:2      | Reached skill level 1 in Staves
  2063 | D:2      | Reached skill level 1 in Slings
  2063 | D:2      | Reached skill level 1 in Bows
  2063 | D:2      | Reached skill level 1 in Crossbows
  2063 | D:2      | Reached skill level 1 in Throwing
  2063 | D:2      | Reached skill level 1 in Armour
  2063 | D:2      | Reached skill level 1 in Stealth
  2063 | D:2      | Reached skill level 1 in Shields
  2063 | D:2      | Reached skill level 1 in Evocations
  2413 | D:3      | Found Qiun's General Store.
  2422 | D:3      | Reached XP level 4. HP: 29/34 MP: 11/11
  2495 | D:3      | Found Gidionitiv's Magic Scroll Boutique.
  2503 | D:3      | Bought a scroll of identify for 26 gold pieces
  2511 | D:3      | Found Zips's Book Shop.
  2649 | D:3      | Found Pecorem's General Store.
  2657 | D:3      | Bought a scroll of identify for 28 gold pieces
  2657 | D:3      | Bought a scroll of teleportation for 42 gold pieces
  2750 | D:3      | Noticed Jessica
  2757 | D:3      | Learned a level 2 spell: Wereblood
  2761 | D:3      | Learned a level 3 spell: Spider Form
  2780 | D:3      | Slain by Jessica

Illustrated notes

Levels and vault maps discovered:
D:1:      lightli_arrival_flooded_house, layout_loops_corners,
          chequers_ecumenical_altar_lobes, minmay_misc_feat_columns,
          grunt_decor_junction
D:2:      layout_loops_corners, grunt_decor_arrowhead
D:3:      layout_basic, serial_shops, nicolae_shop_advertising_works
          [nicolae_subvault_shop_adworks], shop, shop, shop, uniq_jessica

Skill      XL: |  1  2  3 |
---------------+----------+-----
Spellcasting   | 5 |  5.0
Invocations    | 1 |  1.1
Short Blades   | 1 |  1.0
Long Blades    | 1 |  1.0
Axes           | 1 |  1.0
Maces & Flails | 1 |  1.0
Polearms       | 1 |  1.0
Staves         | 1 |  1.0
Slings         | 1 |  1.0
Bows           | 1 |  1.0
Crossbows      | 1 |  1.0
Throwing       | 1 |  1.0
Armour         | 1 |  1.0
Stealth        | 1 |  1.0
Shields        | 1 |  1.0
Evocations     | 1 |  1.0
Fighting       | |  2.7
Dodging        | |  4.6
Unarmed Combat | |  6.5
Conjurations   | |  0.7
Hexes          | |  0.7
Summonings     | |  0.7
Necromancy     | |  0.7
Translocations | |  0.7
Transmutations | |  3.8
Fire Magic     | |  0.7
Ice Magic      | |  0.7
Air Magic      | |  0.7
Earth Magic    | |  0.7
Poison Magic   | |  0.7

Action                   |  1- 3 |  4- 6 || total
-------------------------+-------+-------++-------
Melee: Unarmed           |    99 |     8 ||   107
       Kick              |    19 |     1 ||    20
       Headbutt          |    11 |       ||    11
       Bite              |     5 |       ||     5
 Cast: Beastly Appendage |    31 |     3 ||    34
       Spider Form       |       |     1 ||     1
 Stab: Sleeping          |     3 |       ||     3
Armor: Robe              |    18 |       ||    18
Dodge: Dodged            |    64 |     4 ||    68
